 Dungeon Crawl Stone Soup version 0.17-a0-1842-gacc33f2 (webtiles) character file.

30 nubinia the Magician (level 3, -6/24 HPs)
             Began as a Demonspawn Wizard on Sept 17, 2015.
             Killed from afar by Terence (9 damage)
             ... with a wand of frost
             ... on level 2 of the Dungeon.
             The game lasted 00:06:09 (1722 turns).

nubinia the Magician (Demonspawn Wizard)            Turns: 1722, Time: 00:06:10

Health: -6/24      AC:  4    Str:  7    XL:     3   Next: 5%
Magic:  8/8        EV:  7    Int: 20    God:
Gold:   138        SH:  0    Dex: 11    Spells: 2 memorised, 6 levels left

rFire  . . .     SeeInvis .     q - +2 spear (flame)
rCold  . . .     Clarity  .     a - +0 robe
rNeg   . . .     SustAt   .     (no shield)
rPois  .         Gourm    .     b - +0 hat
rElec  .         Spirit   .     (no cloak)
rCorr  .         Warding  .     n - +0 pair of gloves
rMut   .         Stasis   .     f - +0 pair of boots
MR     .....                    (no amulet)
Stlth  ++........               (no ring)
                                (no ring)

@: repel missiles, not resistant to hostile enchantments, unstealthy
A: spiny 2
a: no special abilities


You were on level 2 of the Dungeon.
You were very hungry.

You visited 1 branch of the dungeon, and saw 2 of its levels.

You collected 138 gold pieces.

Inventory:

Hand weapons
 e - a +0 short sword
 q - a +2 spear of flaming (weapon)
Armour
 a - a +0 robe (worn)
 b - a +0 hat (worn)
 f - a +0 pair of boots (worn)
 n - a +0 pair of gloves (worn)
Scrolls
 g - a scroll of remove curse
 h - a scroll of recharging {unknown}
 j - a scroll of enchant armour {unknown}
 p - a scroll of noise {unknown}
Potions
 i - 2 potions of curing {unknown}
 l - 2 potions of might {unknown}
 o - a potion of magic
 r - a potion of brilliance
Books
 c - a book of Minor Magic

   Spells                             Type                      Level
   a - Magic Dart                     Conjuration                  1
   b - Blink                          Translocation                2
   c - Call Imp                       Summoning                    2
   d - Repel Missiles                 Charms/Air                   2
   e - Slow                           Hexes                        2
   f - Conjure Flame                  Conjuration/Fire             3
   g - Mephitic Cloud                 Conjuration/Poison/Air       3
Comestibles
 d - 5 bread rations
 k - 2 meat rations


   Skills:
 + Level 1.9 Dodging
 + Level 1.8 Stealth
 + Level 3.8 Spellcasting
 + Level 1.3 Conjurations
   Level 1.0 Summonings
   Level 0.8 Translocations


You had 6 spell levels left.
You knew the following spells:

 Your Spells              Type           Power        Failure   Level  Hunger
a - Magic Dart            Conj           #...         10%         1    None
r - Repel Missiles        Chrm/Air       #.....       24%         2    ##.....


Dungeon Overview and Level Annotations

Branches:
Dungeon (2/15)

Altars:
Nemelex Xobeh

Annotations:
D:2 Sigmund, Terence


Innate Abilities, Weirdness & Mutations

You are mostly covered in sharp spines.


Message History

As you read the scroll of identify, it crumbles to dust.
o - a potion of magic Read which item? (? for menu, Esc to quit)
As you read the scroll labeled ZAPTOS XYULO, it crumbles to dust.
You feel blessed for a moment.
It was a scroll of remove curse.
You see here a scale mail.
Found a leather armour.
Terence the Incautious comes into view.
He is wielding a morningstar.
Terence shouts!
Terence zaps a wand.
The puff of frost hits you!
It is a wand of frost.
Terence screams, "I want your blood!"
Terence zaps a wand.
The puff of frost hits you!
Terence zaps a wand.
The puff of frost misses you.
Terence zaps a wand.
The puff of frost hits you!
* * * LOW HITPOINT WARNING * * *
Terence zaps a wand.
The puff of frost hits you!
* * * LOW HITPOINT WARNING * * *
There is a stone staircase leading down here.
Terence zaps a wand.
The puff of frost hits you!
You die...

#.##..#....####..#.#
#............##....#
###...............##
#..#.......##.#.#
######..#.###.#.#..#.#
#.........# #.#...##.#
###........####.....##.###
#..........##....^.......#
#........@.##...#........#
#..........##...#........#
#..........##...#........#
#..........##.............
#...............#.[......#
###......#.#....#........#
#...@..#......##..######
#####.######..........#...
#...#.# #............#


You could see Terence.

Vanquished Creatures
  A giant gecko (D:1)
  2 giant cockroaches (D:1)
  6 hobgoblins
  3 jackals (D:1)
  2 kobolds (D:1)
  A quokka (D:2)
  2 bats
  A giant newt (D:1)
  3 goblins (D:1)
  7 rats (D:1)
28 creatures vanquished.

Notes
Turn   | Place    | Note
--------------------------------------------------------------
     0 | D:1      | nubinia the Demonspawn Wizard began the quest for the Orb.
     0 | D:1      | Reached XP level 1. HP: 13/13 MP: 4/4
   362 | D:1      | Gained mutation: You are partially covered in sharp spines. [demonic ancestry]
   362 | D:1      | Reached XP level 2. HP: 19/19 MP: 1/6
   413 | D:1      | Learned a level 2 spell: Repel Missiles
   595 | D:1      | Found a sparkling altar of Nemelex Xobeh.
  1389 | D:2      | Noticed Sigmund
  1492 | D:2      | Gained mutation: You are mostly covered in sharp spines. [demonic ancestry]
  1492 | D:2      | Reached XP level 3. HP: 24/24 MP: 8/8
  1710 | D:2      | Noticed Terence
  1722 | D:2      | Killed from afar by Terence

Vault maps used:
D:1:      dpeg_arrival_lava_temple_mockup, st_stairs_7, corexii_corridor_pit,
          nemelex_diamond_rough_becter
D:2:      uniq_sigmund, uniq_terence

Action                   || total
-------------------------++-------
Melee: Short sword       ||    27
 Cast: Magic Dart        ||    48
       Repel Missiles    ||     1
  Use: Scroll            ||     3
 Stab: Sleeping          ||     3
  Eat: Chunk             ||     1
